 Dungeon Crawl Stone Soup version 0.27.1-1-g398f81649c (webtiles) character file.

Game seed: 8700077146180672425

48 speeev33 the Skirmisher (level 3, -9/33 HPs)
             Began as a Hill Orc Fighter on Sept 16, 2021.
             Was an Initiate of Okawaru.
             Killed by divine providence
             ... invoked by an orc priest
              (10 damage)
             ... on level 3 of the Dungeon.
             The game lasted 00:02:11 (1634 turns).

speeev33 the Skirmisher (Hill Orc Fighter)          Turns: 1634, Time: 00:02:12

Health: -9/33      AC:  7    Str: 19    XL:     3   Next: 72%
Magic:  3/3        EV:  7    Int:  8    God:    Okawaru [......]
Gold:   92         SH:  9    Dex: 10    Spells: 2/2 levels left

rFire    . . .     SeeInvis .   f - +2 broad axe (flame)
rCold    . . .     Faith    .   c - +0 kite shield
rNeg     . . .     Spirit   .   b - +0 scale mail
rPois    .         Reflect  .   (no helmet)
rElec    .         Harm     .   (no cloak)
rCorr    .         Rampage  .   (no gloves)
Will     .....                  (no boots)
Stlth    ..........             (no amulet)
HPRegen  0.11/turn              (no ring)
MPRegen  0.08/turn              (no ring)

@: no status effects
A: no striking features
a: Renounce Religion, Convert to Beogh


You were on level 3 of the Dungeon.
You worshipped Okawaru.
Okawaru was noncommittal.
You visited 1 branch of the dungeon, and saw 3 of its levels.

You collected 92 gold pieces.

Inventory:

Hand Weapons
 f - a +2 broad axe of flaming (weapon)
Armour
 b - a +0 scale mail (worn)
 c - a +0 kite shield (worn)
Jewellery
 e - a ring of positive energy
Scrolls
 i - a scroll of holy word {unknown}
Potions
 d - a potion of might
 g - a potion of cancellation {unknown}


   Skills:
 + Level 4.2 Fighting
 + Level 3.4 Axes
 + Level 3.8 Armour
 + Level 3.8 Shields


You had 2 spell levels left.
You didn't know any spells.
Your spell library contained the following spells:

 Spells                   Type           Power      Damage    Failure   Level
 Foxfire                  Conj/Fire      0%         2x1d4     99%         1
 Conjure Flame            Conj/Fire      0%         6-21      100%        3
 Inner Flame              Hex/Fire       0%         N/A       100%        3


Dungeon Overview and Level Annotations

Branches:
Dungeon (3/15)

Altars:
Okawaru


Message History

You barely miss the bat. You block the bat's attack.
You slice the orc!! You burn the orc.
You kill the orc!
Okawaru accepts your kill. The bat hits you but does no damage.
The orc hits you with a +0 hand axe.
The orc priest invokes the aid of Beogh against you.
Beogh smites you!
Things that are here:
a +0 dagger; a +0 leather armour; a +0 dagger You hit the orc.
You burn the orc.
The orc is heavily wounded.
You hit the orc priest but do no damage.
You block the orc's attack.
The orc priest calls upon Beogh to heal the orc.
The orc's wounds heal themselves!
The orc hits you with a +0 hand axe.
The orc priest hits you but does no damage.
Your shield prevents you from hitting the orc priest.
The orc priest threatens, "By the altar or by the axe, you will meet Beogh!"
You closely miss the orc.
The orc priest shouts, "Join the one true god or die!"
The orc hits you with a +0 hand axe.
The orc priest casts a cantrip, but nothing happens.
The orc hits you but does no damage.
The orc priest mumbles some strange prayers to Beogh against you.
Beogh smites you!
* * * LOW HITPOINT WARNING * * *
You hit the orc priest. You burn the orc priest.
The orc priest is lightly wounded.
You hit the orc. You burn the orc. The orc hits you but does no damage.
You block the orc priest's attack.
You barely miss the orc priest.
The orc priest shouts, "Surrender to Beogh and we'll let you live!"
The orc priest is lightly wounded.
You slash the orc! You burn the orc.
You kill the orc!
Okawaru accepts your kill.
The orc priest mumbles some strange prayers to Beogh against you.
Beogh smites you!
You die...

##......##### #. ....
#.#.###.....# #. ...
.##.#######.# #. ..
.##..B# #.# #.##.###
.####.# #.# #...)..# .#
#.# #.# #......## .#
##l## #.# #)......#
.###...####.#####o.....#
.lll............@<.....#
.###...##########........
B####.## ######...
......# ## #######


You could see an orc priest.

Vanquished Creatures
  An adder (D:2)
  A worm (D:2)
  A dart slug (D:1)
  3 orcs (D:3)
  4 endoplasms (D:1)
  4 goblins
  4 hobgoblins
  A quokka (D:1)
  6 bats
  3 kobolds (D:1)
  5 rats (D:1)
33 creatures vanquished.

Notes
Turn   | Place    | Note
-------+----------+-------------------------------------------
     0 | D:1      | speeev33 the Hill Orc Fighter began the quest for the Orb.
     0 | D:1      | Reached XP level 1. HP: 19/19 MP: 1/1
   166 | D:1      | Reached XP level 2. HP: 19/27 MP: 2/2
   563 | D:1      | Reached skill level 4 in Fighting
   732 | D:1      | Reached XP level 3. HP: 33/33 MP: 3/3
  1341 | D:2      | Found a faded altar of an unknown god.
  1384 | D:2      | Found an iron altar of Okawaru.
  1404 | D:2      | Became a worshipper of Warmaster Okawaru
  1534 | D:3      | Identified a scroll of acquirement
  1534 | D:3      | Acquired a +2 broad axe of flaming
  1632 | D:3      | HP: 1/33 [orc priest/divine providence (11)]
  1634 | D:3      | Killed from afar by an orc priest

Illustrated notes

Levels and vault maps discovered:
D:1:      dpeg_arrival_signposts, layout_basic
D:2:      cheibrodos_old_hovel, layout_basic, basic_altar,
          shapermc_ecumenical_altar_acropolis
D:3:      layout_loops_ring, serial_shops, shop, grunt_ministairs_14,
          minmay_splitting_lines, uniq_crazy_yiuf_cottage

Skill      XL: |  1  2 |
---------------+-------+-----
Axes           | 3 |  3.4
Fighting       | 4 |  4.2
Armour         | |  3.8
Shields        | |  3.8

Action                   || total
-------------------------++-------
Melee: War axe           ||    73
       Broad axe         ||     9
  Use: Scroll            ||     3
Armor: Scale mail        ||    49
Dodge: Dodged            ||    40
Block: Kite shield       ||    49
